3AAA
HAMILTON COYOTES @ PORT ROYAL DISASTER
08/11/2026
 
TOP OF THE 1ST
Hamilton Coyotes batting - Pitching for Port Royal Disaster : RHP Dennis Brown
Pitching: RHP Dennis Brown
Batting: RHB Alfredo Cardenas 0-0: Ball
1-0: Ball
2-0: Ball
3-0: Base on Balls
Batting: RHB José Icaza 0-0: Ball
1-0: Called Strike
Alfredo Cardenas is caught stealing 2nd base
1-1: Ball
2-1: Called Strike
2-2: Ball
3-2: Ground out 5-3 (Groundball, 56S)
Batting: LHB Tony Ríos 0-0: Ball
1-0: Called Strike
1-1: Ball
2-1: Called Strike
2-2: Ball
3-2: SINGLE (Groundball, 6D)
Batting: RHB Wei-qiang Mo 0-0: Ball
1-0: Called Strike
1-1: Ball
2-1: Ball
3-1: Fly out, F5 (Popup, 5D)
Top of the 1st over - 0 run(s), 1 hit(s), 0 error(s), 1 left on base; Hamilton 0 - Port Royal 0
BOTTOM OF THE 1ST
Port Royal Disaster batting - Pitching for Hamilton Coyotes : RHP Carlos Domínguez
Pitching: RHP Carlos Domínguez
Batting: RHB Aurelio García 0-0: Foul Ball, location: 2F
0-1: Ball
1-1: Foul Ball, location: 2F
1-2: Fly out, F5 (Line Drive, 5)
Batting: RHB David McJannett 0-0: Ball
1-0: Called Strike
1-1: SINGLE (Groundball, 6D)
Batting: RHB Manuel Becerra 0-0: Ball
1-0: Ball
2-0: Swinging Strike
2-1: Fielders Choice at 2nd, 5-4 (Groundball, 56)
Batting: RHB Marvin Hunter 0-0: Ball
1-0: Ball
2-0: Called Strike
2-1: SINGLE (Flyball, 78S)
Manuel Becerra to second
Batting: RHB Brandon Cooper 0-0: Ball
1-0: Ground out 5-3 (Groundball, 56S)
Bottom of the 1st over - 0 run(s), 2 hit(s), 0 error(s), 2 left on base; Hamilton 0 - Port Royal 0
TOP OF THE 2ND
Hamilton Coyotes batting - Pitching for Port Royal Disaster : RHP Dennis Brown
Batting: LHB Tommy Sullivan 0-0: Swinging Strike
0-1: SINGLE (Groundball, 4MD)
Batting: RHB Júlio Rodríguez 0-0: Ball
1-0: Grounds into double play, 4-6-3 (Groundball, 4)
Batting: RHB Jon Erickson 0-0: Ball
1-0: Called Strike
1-1: Swinging Strike
1-2: Ball
2-2: Ground out 6-3 (Groundball, 6)
Top of the 2nd over - 0 run(s), 1 hit(s), 0 error(s), 0 left on base; Hamilton 0 - Port Royal 0
BOTTOM OF THE 2ND
Port Royal Disaster batting - Pitching for Hamilton Coyotes : RHP Carlos Domínguez
Batting: SHB Arsenio Sameiro 0-0: Ball
1-0: Called Strike
1-1: Ball
2-1: Swinging Strike
2-2: Ball
3-2: Foul Ball, location: 2F
3-2: Fly out, F7 (Flyball, 7S)
Batting: RHB Paul Smith 0-0: Foul Ball, location: 2F
0-1: SINGLE (Line Drive, 78S)
Batting: RHB Ronnie Cleveland 0-0: SINGLE (Groundball, 34D)
Paul Smith to second
Runner from 2nd tries for 3rd, SAFE, throw made to third
Ronnie Cleveland to second
Batting: RHB Nelson Abbey 0-0: Foul Ball, location: 2F
0-1: Fly out, F8 (Flyball, 78D)
Runner from 3rd tags up, SCORES, throw made
Batting: RHB Aurelio García 0-0: Foul Ball, location: 2F
0-1: Fly out, F9 (Flyball, 9LS)
Bottom of the 2nd over - 1 run(s), 2 hit(s), 0 error(s), 1 left on base; Hamilton 0 - Port Royal 1
TOP OF THE 3RD
Hamilton Coyotes batting - Pitching for Port Royal Disaster : RHP Dennis Brown
Batting: RHB Ralph May 0-0: Ball
1-0: Foul Ball, location: 2F
1-1: Called Strike
1-2: Foul Ball, location: 2F
1-2: Strikes out swinging
Batting: LHB Manuel Sánchez 0-0: Ball
1-0: Ball
2-0: Ground out 4-3 (Groundball, 4)
Batting: RHB Alfredo Cardenas 0-0: Foul Ball, location: 2F
0-1: Ball
1-1: Ground out 5-3 (Groundball, 5S)
Top of the 3rd over - 0 run(s), 0 hit(s), 0 error(s), 0 left on base; Hamilton 0 - Port Royal 1
BOTTOM OF THE 3RD
Port Royal Disaster batting - Pitching for Hamilton Coyotes : RHP Carlos Domínguez
Batting: RHB David McJannett 0-0: Ball
1-0: Called Strike
1-1: SOLO HOME RUN (Flyball, 7LD), Distance : 354 ft
Batting: RHB Manuel Becerra 0-0: Ball
1-0: Called Strike
1-1: Ball
2-1: Foul Ball, location: 2F
2-2: Foul Ball, location: 2F
2-2: Fly out, F5 (Line Drive, 5S)
Batting: RHB Marvin Hunter 0-0: Ball
1-0: Ball
2-0: Foul Ball, location: 2F
2-1: Ball
3-1: Base on Balls
Batting: RHB Brandon Cooper 0-0: Ball
1-0: Called Strike
1-1: Swinging Strike
1-2: Ball
2-2: Foul Ball, location: 2F
2-2: Ball
3-2: Fly out, F8 (Line Drive, 78D)
Batting: SHB Arsenio Sameiro 0-0: Ball
1-0: Called Strike
1-1: Foul Ball, location: 2F
1-2: Ground out 6-3 (Groundball, 6)
Bottom of the 3rd over - 1 run(s), 1 hit(s), 0 error(s), 1 left on base; Hamilton 0 - Port Royal 2
TOP OF THE 4TH
Hamilton Coyotes batting - Pitching for Port Royal Disaster : RHP Dennis Brown
Batting: RHB José Icaza 0-0: Ball
1-0: Ball
2-0: Ball
3-0: Called Strike
3-1: Base on Balls
Batting: LHB Tony Ríos 0-0: SINGLE (Groundball, 34D)
José Icaza to second
Batting: RHB Wei-qiang Mo 0-0: Called Strike
0-1: Ball
1-1: Grounds into double play, 5-4-3 (Groundball, 56)
José Icaza to third
Batting: LHB Tommy Sullivan 0-0: Ball
1-0: Fly out, F7 (Flyball, 7LS)
Top of the 4th over - 0 run(s), 1 hit(s), 0 error(s), 1 left on base; Hamilton 0 - Port Royal 2
BOTTOM OF THE 4TH
Port Royal Disaster batting - Pitching for Hamilton Coyotes : RHP Carlos Domínguez
Batting: RHB Paul Smith 0-0: Ball
1-0: Ball
2-0: Called Strike
2-1: Ground out 5-3 (Groundball, 56)
Batting: RHB Ronnie Cleveland 0-0: Called Strike
0-1: SOLO HOME RUN (Flyball, 78XD), Distance : 431 ft
Batting: RHB Nelson Abbey 0-0: Fly out, F6 (Line Drive, 6)
Batting: RHB Aurelio García 0-0: Ball
1-0: Ball
2-0: Called Strike
2-1: Foul Ball, location: 2F
2-2: Ball
3-2: SINGLE (Groundball, 56S) (infield hit)
Pitching: LHP Reynaldo Sánchez
Batting: RHB David McJannett 0-0: Foul Ball, location: 2F
0-1: Ball
1-1: Swinging Strike
1-2: 2-RUN HOME RUN (Flyball, 7D), Distance : 382 ft
Batting: RHB Manuel Becerra 0-0: Foul Ball, location: 2F
0-1: Called Strike
0-2: Foul Ball, location: 2F
0-2: Ball
1-2: Ball
2-2: DOUBLE (Line Drive, 78XD)
Batting: RHB Marvin Hunter 0-0: Ball
1-0: Fly out, F3 (Line Drive, 3)
Bottom of the 4th over - 3 run(s), 4 hit(s), 0 error(s), 1 left on base; Hamilton 0 - Port Royal 5
TOP OF THE 5TH
Hamilton Coyotes batting - Pitching for Port Royal Disaster : RHP Dennis Brown
Batting: RHB Júlio Rodríguez 0-0: Called Strike
0-1: Ball
1-1: Fly out, F7 (Flyball, 7)
Batting: RHB Jon Erickson 0-0: Ball
1-0: Foul Ball, location: 2F
1-1: Ball
2-1: Foul Ball, location: 2F
2-2: Foul Ball, location: 2F
2-2: Fly out, F8 (Line Drive, 8LM)
Batting: RHB Ralph May 0-0: SINGLE (Flyball, 8RS)
Batting: LHB Manuel Sánchez 0-0: Called Strike
0-1: Ball
1-1: Fly out, F8 (Line Drive, 8RM)
Top of the 5th over - 0 run(s), 1 hit(s), 0 error(s), 1 left on base; Hamilton 0 - Port Royal 5
BOTTOM OF THE 5TH
Port Royal Disaster batting - Pitching for Hamilton Coyotes : LHP Reynaldo Sánchez
Batting: RHB Brandon Cooper 0-0: Called Strike
0-1: Ball
1-1: Swinging Strike
1-2: Ball
2-2: Foul Ball, location: 2F
2-2: Foul Ball, location: 2F
2-2: Ball
3-2: Base on Balls
Batting: SHB Arsenio Sameiro 0-0: Ball
1-0: Foul Ball, location: 2F
1-1: DOUBLE (Line Drive, 78D)
Brandon Cooper to third
Batting: RHB Paul Smith 0-0: Ball
1-0: Swinging Strike
1-1: Swinging Strike
1-2: Ball
2-2: Foul Ball, location: 2F
2-2: Ball
3-2: Strikes out swinging
Batting: RHB Ronnie Cleveland 0-0: Ball
1-0: SINGLE (Line Drive, 6M)
Brandon Cooper scores
Arsenio Sameiro to third
Batting: RHB Nelson Abbey 0-0: Grounds into double play, 6-4-3 (Groundball, 6)
Bottom of the 5th over - 1 run(s), 2 hit(s), 0 error(s), 1 left on base; Hamilton 0 - Port Royal 6
TOP OF THE 6TH
Hamilton Coyotes batting - Pitching for Port Royal Disaster : RHP Dennis Brown
Batting: RHB Alfredo Cardenas 0-0: Reached on error, E7 (Flyball, 78M)
Batting: RHB José Icaza 0-0: Ball
1-0: Ball
2-0: Foul Ball, location: 2F
2-1: Foul Ball, location: 2F
2-2: Foul Ball, location: 2F
2-2: Foul Ball, location: 2F
2-2: Ball
3-2: Base on Balls
Alfredo Cardenas to second
Batting: LHB Tony Ríos 0-0: Called Strike
0-1: Ball
1-1: Ground out 6-3 (Groundball, 4M)
Alfredo Cardenas to third
José Icaza to second
Batting: RHB Wei-qiang Mo 0-0: Ball
1-0: Ground out 6-3 (Groundball, 6)
Alfredo Cardenas scores
Batting: LHB Tommy Sullivan 0-0: Ball
1-0: Ball
2-0: Ball
3-0: Called Strike
3-1: Foul Ball, location: 2F
3-2: Ground out 4-3 (Groundball, 4)
Top of the 6th over - 1 run(s), 0 hit(s), 1 error(s), 1 left on base; Hamilton 1 - Port Royal 6
BOTTOM OF THE 6TH
Port Royal Disaster batting - Pitching for Hamilton Coyotes : LHP Reynaldo Sánchez
Batting: RHB Aurelio García 0-0: Ball
1-0: Ball
2-0: Hit by Pitch
Batting: RHB David McJannett 0-0: Called Strike
0-1: Grounds into double play, 5-4-3 (Groundball, 56)
Batting: RHB Manuel Becerra 0-0: Swinging Strike
0-1: Foul Ball, location: 2F
0-2: Foul Ball, location: 2F
0-2: Ball
1-2: Ball
2-2: Ground out 6-3 (Groundball, 6)
Bottom of the 6th over - 0 run(s), 0 hit(s), 0 error(s), 0 left on base; Hamilton 1 - Port Royal 6
TOP OF THE 7TH
Hamilton Coyotes batting - Pitching for Port Royal Disaster : RHP Dennis Brown
Pitching: RHP José Barajas
Batting: RHB Júlio Rodríguez 0-0: SINGLE (Groundball, 34D)
Batting: RHB Jon Erickson 0-0: Ball
1-0: DOUBLE (Groundball, 5L)
Júlio Rodríguez to third
Batting: RHB Ralph May 0-0: Foul Ball, location: 2F
0-1: Ground out 5-3 (Groundball, 56)
Júlio Rodríguez scores
Batting: LHB Manuel Sánchez 0-0: Ball
1-0: Called Strike
1-1: Foul Ball, location: 2F
1-2: 2-RUN HOME RUN (Flyball, 8LXD), Distance : 439 ft
Pitching: RHP Esteban García
Batting: RHB Alfredo Cardenas 0-0: Called Strike
0-1: Called Strike
0-2: Fly out, F8 (Flyball, 8LD)
Batting: RHB José Icaza 0-0: Ball
1-0: SINGLE (Groundball, 56D)
Batting: LHB Tony Ríos 0-0: Ground out U3 (Groundball, 34)
Top of the 7th over - 3 run(s), 4 hit(s), 0 error(s), 1 left on base; Hamilton 4 - Port Royal 6
BOTTOM OF THE 7TH
Port Royal Disaster batting - Pitching for Hamilton Coyotes : LHP Reynaldo Sánchez
Batting: RHB Marvin Hunter 0-0: Foul Ball, location: 2F
0-1: Ball
1-1: Fly out, F8 (Flyball, 8LM)
Batting: RHB Brandon Cooper 0-0: Foul Ball, location: 2F
0-1: Ball
1-1: Foul Ball, location: 2F
1-2: Ball
2-2: Ball
3-2: Fly out, F7 (Flyball, 7S)
Batting: SHB Arsenio Sameiro 0-0: Fly out, F2 (Popup, 2L)
Bottom of the 7th over - 0 run(s), 0 hit(s), 0 error(s), 0 left on base; Hamilton 4 - Port Royal 6
TOP OF THE 8TH
Hamilton Coyotes batting - Pitching for Port Royal Disaster : RHP Esteban García
Batting: RHB Wei-qiang Mo 0-0: SINGLE (Line Drive, 4M)
Pitching: RHP Reynaldo Ortíz
Batting: LHB Tommy Sullivan 0-0: Ball
1-0: Ball
2-0: Fly out, F4 (Line Drive, 4M)
Batting: RHB Júlio Rodríguez 0-0: Ball
1-0: Swinging Strike
1-1: Fielders Choice at 2nd, 6-4 (Groundball, 6)
Batting: RHB Jon Erickson 0-0: Ball
1-0: Ball
2-0: Ground out 5-3 (Groundball, 56S)
Top of the 8th over - 0 run(s), 1 hit(s), 0 error(s), 1 left on base; Hamilton 4 - Port Royal 6
BOTTOM OF THE 8TH
Port Royal Disaster batting - Pitching for Hamilton Coyotes : LHP Reynaldo Sánchez
Batting: RHB Paul Smith 0-0: Called Strike
0-1: Ball
1-1: Swinging Strike
1-2: Ball
2-2: Ball
3-2: Fly out, F4 (Popup, 4MD)
Batting: RHB Ronnie Cleveland 0-0: Swinging Strike
0-1: Ball
1-1: Called Strike
1-2: Strikes out swinging
Batting: RHB Nelson Abbey 0-0: SINGLE (Groundball, 6MD)
Batting: RHB Aurelio García 0-0: Ground out 5-3 (Groundball, 56S)
Bottom of the 8th over - 0 run(s), 1 hit(s), 0 error(s), 1 left on base; Hamilton 4 - Port Royal 6
TOP OF THE 9TH
Hamilton Coyotes batting - Pitching for Port Royal Disaster : RHP Reynaldo Ortíz
Pitching: LHP Aukukero Mincarlie Jr.
Batting: RHB Ralph May 0-0: Swinging Strike
0-1: Foul Ball, location: 2F
0-2: Ball
1-2: Strikes out looking
Batting: LHB Manuel Sánchez 0-0: Ball
1-0: Fly out, F4 (Popup, 4)
Batting: RHB Alfredo Cardenas 0-0: Called Strike
0-1: Ball
1-1: Ball
2-1: SINGLE (Groundball, 56D)
Batting: RHB José Icaza 0-0: Swinging Strike
0-1: Ball
1-1: DOUBLE (Line Drive, 8RD)
Alfredo Cardenas to third
Runner from 3rd tries for Home, SAFE, no throw
Pinch Hitting: RHB Monty Sharp 0-0: Ball
1-0: Foul Ball, location: 2F
1-1: Swinging Strike
1-2: Strikes out swinging
Top of the 9th over - 1 run(s), 2 hit(s), 0 error(s), 1 left on base; Hamilton 5 - Port Royal 6
Monday, March 20th, 2017 - OOTP Baseball 17.12 Build 75